 Dungeon Crawl Stone Soup version 0.28-a0-1616-g050a50673c (webtiles) character file.

Game seed: 10910390713054187793

60 Sabo the Skirmisher (level 3, -6/30 HPs)
             Began as a Demonspawn Abyssal Knight on Jan 22, 2022.
             Was a Follower of Lugonu.
             Mangled by an orc (7 damage)
             ... on level 3 of the Dungeon.
             The game lasted 00:12:09 (2082 turns).

Sabo the Skirmisher (Demonspawn Abyssal Knight)     Turns: 2082, Time: 00:12:11

Health: -6/30      AC:  7    Str: 13    XL:     3   Next: 82%
Magic:  3/4        EV: 11    Int: 13    God:    Lugonu [*.....]
Gold:   7          SH:  0    Dex: 13    Spells: 1/2 levels left

rFire   . . .      SeeInvis .   a - +1 hand axe
rCold   . . .      Faith    .   (no shield)
rNeg    . . .      Spirit   .   f - +0 steam dragon scales
rPois   .          Reflect  .   (no helmet)
rElec   .          Harm     .   (no cloak)
rCorr   .          Rampage  .   (no gloves)
Will    .....                   (no boots)
Stlth   +.........              (no amulet)
HPRegen 0.10/turn               (no ring)
MPRegen 0.09/turn               (no ring)

@: no status effects
A: icy blue scales 1, spiny 1
a: Renounce Religion, Depart the Abyss


You were on level 3 of the Dungeon.
You worshipped Lugonu.
Lugonu was aware of your devotion.
You visited 1 branch of the dungeon, and saw 3 of its levels.
You visited the Abyss 1 time.

You collected 7 gold pieces.

Inventory:

Hand Weapons
 a - a +1 hand axe (weapon)
Missiles
 g - 43 arrows
Armour
 b - the +2 chain mail of Cotsixe {rF+ rC+ rCorr}
   (You found it on level 2 of the Dungeon)

   rF:        It protects you from fire.
   rC:        It protects you from cold.
   rCorr:     It protects you from acid and corrosion.
 f - +0 steam dragon scales (worn)
Scrolls
 d - a scroll of vulnerability {unknown}
 h - a scroll of identify {unknown}
Potions
 c - a potion of heal wounds {unknown}
 e - a potion of haste {unknown}


   Skills:
 + Level 3.7 Fighting
 + Level 2.5 Axes
 + Level 2.2 Armour
 + Level 1.0 Dodging
 + Level 0.1 Spellcasting
 + Level 0.4 Necromancy
 + Level 2.6 Invocations


You had one spell level left.
You knew the following spells:

 Your Spells              Type           Power      Damage    Failure   Level
a - Pain                  Necr           4%         1d4       26%         1

Your spell library contained the following spells:

 Spells                   Type           Power      Damage    Failure   Level
 Animate Skeleton         Necr           2%         N/A       26%         1
 Slow                     Hex            0%         N/A       30%         1
 Corpse Rot               Necr/Air       0%         N/A       41%         2
 Ensorcelled Hibernation  Hex/Ice        0%         N/A       43%         2
 Poisonous Vapours        Pois/Air       0%         N/A       43%         2
 Vampiric Draining        Necr           1%         2d6       61%         3
 Confusing Touch          Hex            0%         N/A       67%         3
 Spider Form              Tmut/Pois      0%         N/A       67%         3
 Tukima's Dance           Hex            0%         N/A       67%         3
 Anguish                  Hex/Necr       0%         N/A       96%         4
 Enfeeble                 Hex            0%         N/A       100%        7


Dungeon Overview and Level Annotations

Branches:
Dungeon (3/15)

Altars:


Innate Abilities, Weirdness & Mutations

You are partially covered in icy blue scales. (AC +2)
You are partially covered in sharp spines.


Message History

The orc shouts!
You hear a shout!
The kobold hits you with a +0 club.
You hit the kobold.
You kill the kobold!
Lugonu accepts your kill.
An orc priest comes into view. It is wielding a +0 falchion.
The orc priest looks encouraged for a moment.
You see here a hobgoblin corpse. 2 orcs come into view.
The orc shouts! x2
The orc priest mumbles some strange prayers to Beogh against you.
You barely resist.
The orc moves out of view.
The orc is struck by your spines. The orc barely misses you.
The orc priest mumbles some strange prayers to Beogh against you.
Beogh smites you!
The orc priest mumbles some strange prayers to Beogh against you.
You barely resist. The orc is struck by your spines.
The orc closely misses you. The orc barely misses you.
The orc priest mumbles some strange prayers to Beogh against you.
Beogh smites you!
Ouch! That really hurt!
* * * LOW HITPOINT WARNING * * *
Casting: Pain (safe; 26% risk of failure)
Confirm with . or Enter, or press ? or * to list all spells.
Aiming: Pain (safe; 26% risk of failure)
Press: ? - help, Shift-Dir - straight line, f - orc priest
Aim: an orc priest, wielding a +0 falchion and wearing a +0 scale mail (chance to affect: 36%)
The orc priest easily resists.
The orc barely misses you. The orc is struck by your spines.
The orc hits you with a +0 dagger.
* * * LOW HITPOINT WARNING * * *
The orc hits you but does no damage.
The orc priest hits you but does no damage.
You closely miss the orc priest. You hit the orc. You barely miss the orc.
You hit the orc but do no damage. The orc barely misses you. x2
The orc closely misses you.
The orc priest is struck by your spines.
The orc priest hits you but does no damage.
The orc hits you with a +0 flail!
You die...

#..#...# ......#
#...... #(....##
.......
#......##.#.....
#...#.......... .
#...#..#....... ...
#.<....#.......
.##..#.....##o......
........†..o@o......
......)......o...##.
..................#
####..............#
................#
.#.#.............#
.#..#......!......#
.. .......####..##


You could see an orc priest and 3 orcs.

Vanquished Creatures
  2 adders (D:2)
  4 dart slugs (D:1)
  4 bats
  3 endoplasms (D:2)
  A giant cockroach (D:1)
  5 hobgoblins
  3 kobolds
  A quokka (D:2)
  A ball python (D:2)
  6 goblins
  2 rats (D:1)
32 creatures vanquished.

Notes
Turn   | Place    | Note
-------+----------+-------------------------------------------
     0 | Abyss:1  | Sabo the Demonspawn Abyssal Knight began the quest for the
                  | Orb.
     0 | Abyss:1  | Reached XP level 1. HP: 18/18 MP: 2/2
    28 | Abyss:1  | Noticed a raiju
    31 | D:1      | Escaped the Abyss
   399 | D:1      | Reached * piety under Lugonu
   406 | D:1      | Gained mutation: You are partially covered in icy blue
                  | scales. (AC +2) [demonic ancestry]
   406 | D:1      | Reached XP level 2. HP: 15/24 MP: 3/3
   576 | D:1      | Learned a level 1 spell: Pain
  1083 | D:1      | Found a faded altar of an unknown god.
  1388 | D:1      | Reached skill level 1 in Dodging
  1506 | D:2      | Gained mutation: You are partially covered in sharp spines.
                  | [demonic ancestry]
  1506 | D:2      | Reached XP level 3. HP: 25/30 MP: 2/4
  1725 | D:2      | Identified the +2 chain mail of Cotsixe {rF+ rC+ rCorr}
  2080 | D:3      | HP: 1/30 [orc priest/divine providence (16)]
  2082 | D:3      | Mangled by an orc

Illustrated notes

Levels and vault maps discovered:
D:1:      dpeg_arrival_water_fire, layout_basic, basic_ecumenical_altar
D:2:      layout_basic
D:3:      layout_rooms, minmay_misc_feat_x, uniq_pargi

Skill      XL: |  1  2  3 |
---------------+----------+-----
Axes           | 2 |  2.5
Dodging        | 1 |  1.0
Armour         | 2 |  2.2
Fighting       | |  3.7
Spellcasting   | |  0.1
Necromancy     | |  0.4
Invocations    | |  2.6

Action                   || total
-------------------------++-------
Melee: Hand axe          ||    68
 Cast: Pain              ||    11
Invok: Depart the Abyss  ||     1
Armor: Leather armour    ||     3
       Steam dragon scal ||    27
Dodge: Dodged            ||    36

Table legend: (Time is in decaauts)
 A = Elapsed time spent in this place.
 B = Non-inter-level travel time spent in this place.
 C = Inter-level travel time spent in this place.
 D = Time resting spent in this place.
 E = Time spent auto-exploring this place.
 F = Levels seen in this place.
 G = Mean time per level.
                   A        B        C        D        E       F      G
               +--------+--------+--------+--------+--------+-----+--------+
         Total |   2094 |   2094 |      0 |    437 |      0 |   4 |  523.5 |
       Dungeon |   2063 |   2063 |      0 |    437 |      0 |   3 |  687.7 |
         Abyss |     31 |     31 |      0 |      0 |      0 |   1 |   31.0 |
               +--------+--------+--------+--------+--------+-----+--------+

Top non-repeatable levels by time:
     D:1: 1439 daAuts
     D:2: 609 daAuts
 Abyss:1: 31 daAuts
     D:3: 14 daAuts
